 Dungeon Crawl Stone Soup version 0.31.0-32-g396128a36d (webtiles) character file.

Game seed: 7274055365444479405

723 Curundu the Chopper (level 7, -4/91 HPs)
             Began as a Minotaur Berserker on Apr 13, 2024.
             Was a Priest of Trog.
             Slain by an ice beast (7 damage)
             ... on level 5 of the Dungeon.
             The game lasted 00:09:28 (3143 turns).

Curundu the Chopper (Minotaur Berserker)            Turns: 3143, Time: 00:09:28

Health: -4/91      AC:  9    Str: 23    XL:     7   Next: 43%
Magic:  6/6        EV:  9    Int:  4    God:    Trog [***...]
Gold:   186        SH:  0    Dex: 10    Spells: 6/6 levels left

rFire   . . .        m - +1 war axe (freeze)
rCold   . . .        (no shield)
rNeg    . . .        k - +0 chain mail
rPois   .            (helmet restricted)
rElec   .            (no cloak)
rCorr   .            (no gloves)
SInv    .            (no boots)
Will    .....        (no amulet) Stlth
                     (no ring)
HPRegen 0.35/turn    (no ring)
MPRegen 0.10/turn

%: no passive effects
@: berserking, very quick
A: horns 2, retaliatory headbutt
a: Renounce Religion, Berserk, Trog's Hand


You were on level 5 of the Dungeon.
You worshipped Trog.
Trog was most pleased with you.
You visited 1 branch of the dungeon, and saw 5 of its levels.

You collected 186 gold pieces.

Inventory:

Hand Weapons
 m - a +1 war axe of freezing (weapon)
Armour
 k - a +0 chain mail (worn)
Wands
 a - a wand of iceblast (9)
Scrolls
 j - a scroll of torment
 l - a scroll of teleportation
Potions
 b - 2 potions of enlightenment
 c - 3 potions of curing
 d - 2 potions of brilliance
 g - 3 potions of mutation
 i - a potion of attraction {unknown}


   Skills:
 + Level 5.4 Fighting
 + Level 7.8 Axes
 + Level 4.7 Armour
 + Level 3.8 Dodging
 + Level 0.9 Stealth


You had 6 spell levels left.
You didn't know any spells.
Your spell library was empty.

Dungeon Overview and Level Annotations

Branches:
Dungeon (5/15)
 Temple: D:4-7

Altars:


Innate Abilities, Weirdness & Mutations

You have a pair of horns on your head.
You reflexively headbutt those who attack you in melee.


Message History

An iguana is nearby!
The iguana hisses angrily.
You start resting.
An iguana is nearby!
An iguana is nearby!
The iguana bites you. The iguana bites you.
You hit the iguana but do no damage. You headbutt the iguana.
The iguana is lightly wounded.
The iguana bites you.
You hit the iguana.
The iguana seems to slow down.
You freeze the iguana.
The iguana is heavily wounded.
The iguana bites you!
* * * LOW HITPOINT WARNING * * *
You closely miss the iguana.
The iguana is heavily wounded.
You recover from your berserk rage.
The iguana is no longer moving slowly.
You closely miss the iguana.
The iguana is heavily wounded.
The iguana bites you but does no damage.
You hit the iguana but do no damage.
The iguana is heavily wounded.
The iguana barely misses you. You furiously retaliate!
You headbutt the iguana!
You kill the iguana!
Trog accepts your kill.
You start resting.
An ice beast comes into view.
You closely miss the ice beast. The ice beast hits you.
The ice beast freezes you.
* * * LOW HITPOINT WARNING * * *
The ice beast hits you.
* * * LOW HITPOINT WARNING * * *
The ice beast freezes you!
* * * LOW HITPOINT WARNING * * *
A red film seems to cover your vision as you go berserk!
You feel yourself moving faster!
You feel mighty! The ice beast hits you.
* * * LOW HITPOINT WARNING * * *
The ice beast freezes you!
You die...

...... ......
......# ...# #......
.....#. ...# ##....#
...... ...###.....#
....# ....###....#
...##
..####.....####....#
..####..#.>#.#)..#
........#......###
.##†...#.......Y@#
.##.............##
.###.........####
..##..........##
#..............#
...............#
##..........#..#
#.....(.....####
##..........#


You could see an ice beast.

Vanquished Creatures
  Sigmund (D:2)
  An ice beast (D:5)
  An ogre (D:5)
  Blork the orc (D:5)
  A scorpion (D:5)
  2 jellies
  An iguana (D:5)
  A howler monkey zombie (D:3)
  3 gnolls (D:2)
  5 adders
  A white imp (D:5)
  A dart slug (D:4)
  A ribbon worm (D:3)
  5 orcs
  7 ball pythons
  2 bats
  8 endoplasms
  3 giant cockroaches
  8 goblins
  6 hobgoblins
  7 jackals
  13 kobolds
  4 quokkas
  A ball python skeleton (D:3)
  A frilled lizard (D:3)
  6 rats
91 creatures vanquished.

Notes
Turn   | Place    | Note
-------+----------+-------------------------------------------
     0 | D:1      | Curundu the Minotaur Berserker began the quest for the Orb.
     0 | D:1      | Reached XP level 1. HP: 19/19 MP: 0/0
   255 | D:1      | Reached XP level 2. HP: 27/27 MP: 1/1
   259 | D:1      | Reached skill level 4 in Axes
   685 | D:1      | Reached XP level 3. HP: 34/34 MP: 2/2
   818 | D:2      | Reached ** piety under Trog
   952 | D:2      | Noticed Sigmund
   970 | D:2      | Killed Sigmund
   971 | D:2      | Reached skill level 5 in Axes
   971 | D:2      | Reached XP level 4. HP: 27/41 MP: 3/3
   971 | D:2      | Reached XP level 5. HP: 31/47 MP: 4/4
  1431 | D:3      | Reached skill level 5 in Fighting
  1580 | D:3      | Identified the +7 ring mail of Mess {Str-2 Dex+2 Slay+3}
  1597 | D:3      | Reached skill level 6 in Axes
  1900 | D:3      | Reached XP level 6. HP: 56/56 MP: 5/5
  1930 | D:3      | Found a faded altar of an unknown god.
  2304 | D:4      | Reached *** piety under Trog
  2685 | D:5      | Entered Level 5 of the Dungeon
  2929 | D:5      | Reached skill level 7 in Axes
  2973 | D:5      | Reached XP level 7. HP: 48/61 MP: 6/6
  3064 | D:5      | Noticed Blork the orc
  3074 | D:5      | Killed Blork the orc
  3142 | D:5      | HP: 2/61 [ice beast (10)]
  3143 | D:5      | Slain by an ice beast

Illustrated notes

Levels and vault maps discovered:
D:1:      roderic_crossed_star, layout_basic
D:2:      layout_rooms, minmay_tetromino_l2, uniq_sigmund
D:3:      layout_rooms, shapermc_ecumenical_altar_mp_vishouse, serial_undead,
          serial_undead_d, serial_undead_d, serial_undead_f, serial_undead_b,
          due_unseen_surprise
D:4:      layout_gridville
D:5:      layout_cave_pools, nemelex_dance_club_becter,
          minmay_temple_entry_wispy, grunt_decor_cap, uniq_blork_the_orc

Skill      XL: |  1  2  3  4  5  6 |
---------------+-------------------+-----
Fighting       | 4 5 |  5.4
Axes           | 4 5 6 7 |  7.8
Dodging        | 3 |  3.8
Armour         | 4 |  4.7
Stealth        | |  0.9

Action                     |  1- 3 |  4- 6 |  7- 9 || total
---------------------------+-------+-------+-------++-------
  Melee: Hand axe          |    90 |    25 |       ||   115
         Headbutt          |     9 |    12 |     4 ||    25
         Punch             |     1 |     1 |       ||     2
         War axe           |       |    68 |    18 ||    86
 Invoke: Berserk           |     1 |       |     2 ||     3
         Trog's Hand       |     1 |       |       ||     1
    Use: Scroll            |       |    11 |       ||    11
 Armour: Animal skin       |    50 |       |       ||    50
         Chain mail        |     9 |    68 |    25 ||   102
  Dodge: Dodged            |    58 |    50 |     6 ||   114
